 Dungeon Crawl Stone Soup version 0.20-a0-286-gae82e34 (webtiles) character file.

87 Junicave the Digger (level 4, -5/24 HPs)
             Began as a Gargoyle Earth Elementalist on Dec 14, 2016.
             Killed by divine providence
             ... invoked by an orc priest
              (9 damage)
             ... on level 3 of the Dungeon.
             The game lasted 00:07:46 (3753 turns).

Junicave the Digger (Gargoyle Earth Elementalist)   Turns: 3753, Time: 00:07:46

Health: -5/24      AC:  6    Str: 12    XL:     4   Next: 51%
Magic:  8/9        EV: 12    Int: 16    God:
Gold:   184        SH:  0    Dex: 10    Spells: 6/10 levels left

rFire  . . .     SeeInvis .     v - +3 dagger
rCold  . . .     Gourm    .     h - +0 robe
rNeg   + . .     Faith    .     (no shield)
rPois  ∞         Spirit   .     (no helmet)
rElec  +         Reflect  .     (no cloak)
rCorr  .         Harm     .     (no gloves)
MR     .....                    i - +0 pair of boots
Stlth  ++........               (no amulet)
                                (no ring)
                                (no ring)

@: no status effects
A: negative energy resistance 1, electricity resistance, unbreathing,
petrification resistance, rot immunity, AC +3
a: no special abilities


You were on level 3 of the Dungeon.
You were not hungry.

You visited 1 branch of the dungeon, and saw 3 of its levels.

You collected 184 gold pieces.

Inventory:

Hand Weapons
 f - a +0 hand axe
 n - a +0 short sword
 t - a +0 whip
 v - a +3 dagger (weapon)
Missiles
 b - 60 stones (quivered)
Armour
 c - a +0 robe
 h - a +0 robe (worn)
 i - a +0 pair of boots (worn)
Scrolls
 j - 3 scrolls of fog {unknown}
 k - 2 scrolls of noise {unknown}
 m - a scroll of identify {unknown}
 q - 2 scrolls of amnesia {unknown}
 s - a scroll of teleportation {unknown}
 w - a scroll of random uselessness {unknown}
 x - a scroll of remove curse {unknown}
 y - a scroll of blinking {unknown}
Potions
 a - a potion of haste {unknown}
 g - 3 potions of lignification {unknown}
 l - 2 potions of curing {unknown}
 o - a potion of ambrosia {unknown}
 p - a potion of agility {unknown}
 r - a potion of might {unknown}
 u - a potion of heal wounds {unknown}
 z - a potion of beneficial mutation {unknown}
Books
 e - a book of Geomancy

   Spells                             Type                      Level
   a - Sandblast                      Earth                        1
   b - Passwall                       Transmutation/Earth          2
   c - Stone Arrow                    Conjuration/Earth            3
   d - Petrify                        Transmutation/Earth          4
   e - Lee's Rapid Deconstruction     Earth                        5
Comestibles
 d - 5 bread rations
 A - 4 chunks of flesh


   Skills:
 - Level 1.5 Dodging
 - Level 2.1 Stealth
 * Level 3.5 Spellcasting
 + Level 0.9 Conjurations
   Level 0.7 Transmutations
 + Level 4.5 Earth Magic


You had 6 spell levels left.
You knew the following spells:

 Your Spells              Type           Power        Failure   Level  Hunger
a - Sandblast             Erth           ###...       3%          1    None
b - Stone Arrow           Conj/Erth      ##....       17%         3    ###....


Dungeon Overview and Level Annotations

Branches:
Dungeon (3/15)

Altars:


Innate Abilities, Weirdness & Mutations

You are resistant to torment.
Your stone body is resilient. (AC +3)
You are immune to poison.
You resist negative energy. (rN+)
You are resistant to electric shocks. (rElec)
You can survive without breathing.
You are immune to petrification.
You are immune to rotting.


Message History

There is a large open door here.
You close the large door.
An orc opens the large door.
You see here a scroll labeled BIOM SE VEA.
j - 3 scrolls labeled BIOM SE VEA (gained 1)
You open the door.
There is an open door here.
You open the large door. The orc misses you.
There is a large open door here.
There is a large open door here.
The orc priest invokes the aid of Beogh against you.
Beogh smites you!
The orc priest miscasts a cantrip.
The orc hits you but does no damage.
The orc priest calls down the wrath of Beogh upon you.
Pain shoots through your body!
* * * LOW HITPOINT WARNING * * *
The orc priest invokes the aid of Beogh against you.
Beogh smites you!
You die...

.o..# #.......#
###.#####)÷.....#
#.#...........#
#.#...........# ########
#.#.....###########......#
#.#.....# #.........#
###.#.....# #.........#
.##.#.....########.........#
.##>..........o.@+.........#
.###.........#.###.........#
## #.........'.............#
## #.........#.########..#.#
.# #......o..#.# ##.#.# .#
#.........#.# #.#.# .#
#.........#.# #.#.##+# .#
###'#######+# #...##.### .#
##'#### ##..##....


You could see an orc priest and an orc.

Vanquished Creatures
  2 adders (D:3)
  An ooze (D:3)
  2 worms
  4 dart slugs
  3 ball pythons
  3 giant cockroaches
  10 goblins
  3 hobgoblins (D:2)
  7 kobolds
  5 bats
  9 frilled lizards
  3 rats (D:1)
52 creatures vanquished.

Notes
Turn   | Place    | Note
-------+----------+-------------------------------------------
     0 | D:1      | Junicave the Gargoyle Earth Elementalist began the quest for the Orb.
     0 | D:1      | Reached XP level 1. HP: 10/10 MP: 3/3
   185 | D:1      | Reached XP level 2. HP: 15/15 MP: 3/5
   342 | D:1      | Reached skill level 4 in Earth Magic
   706 | D:1      | Reached XP level 3. HP: 19/19 MP: 7/7
  1377 | D:2      | Learned a level 3 spell: Stone Arrow
  3088 | D:2      | Reached XP level 4. HP: 23/24 MP: 5/9
  3753 | D:3      | Killed from afar by an orc priest

Vault maps used:
D:1:      sevenhm_arrival_forest_fort_large_4
D:2:      first_bread
D:3:      serial_bayou_pond_d

Skill      XL: |  1  2  3 |
---------------+----------+-----
Earth Magic    | 4 |  4.5
Spellcasting   | 3 |  3.5
Dodging        | |  1.5
Stealth        | |  2.1
Conjurations   | |  0.9
Transmutations | |  0.7

Action                   |  1- 3 |  4- 6 || total
-------------------------+-------+-------++-------
Melee: Hand axe          |    31 |       ||    31
       Unarmed           |     5 |       ||     5
       Whip              |    27 |       ||    27
       Short sword       |    10 |       ||    10
       Dagger            |     9 |    11 ||    20
 Cast: Sandblast         |    43 |     8 ||    51
       Stone Arrow       |     1 |     2 ||     3
 Stab: Sleeping          |     7 |     2 ||     9
  Eat: Chunk             |     5 |     4 ||     9
Armor: Robe              |    38 |    17 ||    55
Dodge: Dodged            |    73 |    21 ||    94
